 Dungeon Crawl Stone Soup version 0.14.1-1-g650416f (webtiles) character file.

79573 ftsh the Tortoise (level 15, -13/137 (141) HPs)
             Began as a Minotaur Fighter on May 4, 2014.
             Was a High Priest of Okawaru.
             Killed from afar by a lich (42 damage)
             ... with a bolt of negative energy
             ... on Level 1 of the Depths on May 5, 2014.
             The game lasted 02:33:29 (31091 turns).

ftsh the Tortoise (Minotaur Fighter)               Turns: 31091, Time: 02:33:29

HP -13/137 (141) AC 21     Str 37      XL: 15   Next: 18%
MP  10/15        EV  8     Int  5      God: Okawaru [*****.]
Gold 998         SH 29     Dex 10      Spells:  0 memorised, 14 levels left

rFire  . . .     SeeInvis .     b - +2,+4 scimitar (flame)
rCold  + . .     Clarity  .     e - +2 plate armour
rNeg   . . .     Conserve .     c - -1 shield
rPois  .         rCorr    .     (helmet restricted)
rElec  .         rRot     .     L - +1 cloak
SustAb + .       Spirit   .     (no gloves)
rMut   .         Warding  .     (no boots)
Saprov . . .     Stasis   .     (no amulet)
MR     +....                    F - +6 ring of strength
                                S - ring of Strokex {SustAb rC+ Str+4}

@: very slightly contaminated, finesse, drained, somewhat resistant to hostile
enchantments, extremely unstealthy
A: retaliatory headbutt, horns 2
a: Heroism, Finesse, Renounce Religion


You were on level 1 of the Depths.
You worshipped Okawaru.
Okawaru was extremely pleased with you.
You were not hungry.

You visited 4 branches of the dungeon, and saw 26 of its levels.

You collected 1555 gold pieces.
You spent 557 gold pieces at shops.

Inventory:

Hand weapons
 b - a +2,+4 scimitar of flaming (weapon)
 E - a +2,+2 bow of evasion
 H - a +2,+2 long sword of freezing
Missiles
 o - 13 arrows of dispersal
 u - 113 arrows (quivered)
Armour
 c - a -1 shield (worn)
 e - a +2 plate armour (worn)
 K - a +4 chain mail of cold resistance
 L - a +1 cloak (worn)
Magical devices
 k - a wand of fire (10) {unknown}
 B - a wand of hasting (4)
 M - a wand of hasting (3)
 Q - a wand of digging (8) {unknown}
 Z - a wand of disintegration (8)
Comestibles
 a - 8 sultanas
 d - 2 bread rations
 q - a snozzcumber
 v - a sausage
 x - 8 meat rations
 G - 6 strawberries
 N - 4 apples
 V - an orange
 W - a rambutan
Scrolls
 f - 6 scrolls of fog
 g - 3 scrolls of magic mapping
 i - a scroll of enchant weapon II
 j - 2 scrolls of identify
 m - 6 scrolls of remove curse
 r - 4 scrolls of recharging
 I - 3 scrolls of blinking {unknown}
 U - 2 scrolls of fear
Jewellery
 s - an uncursed ring of ice
 F - a +6 ring of strength (right hand)
 S - the ring of Strokex (left hand) {SustAb rC+ Str+4}
   (You found it on level 15 of the Dungeon)

   [ring of sustain abilities]

   It affects your strength (+4).
   It protects you from cold.
 T - an uncursed ring of protection from cold
Potions
 h - 2 potions of magic {unknown}
 p - a potion of resistance
 t - 3 potions of flight {unknown}
 z - 3 potions of poison {unknown}
 A - 2 potions of agility
 C - a potion of might
 D - a potion of mutation {unknown}
 O - 3 potions of restore abilities {unknown}
 R - 2 potions of curing


   Skills:
 * Level 15.2(14.2) Fighting
 + Level 14.4(13.4) Long Blades
 * Level 6.9(6.1) Bows
 + Level 15.4(14.4) Armour
 + Level 7.8(7.0) Dodging
 + Level 1.8(1.1) Stealth
 + Level 14.4(13.4) Shields
 + Level 3.8(3.0) Invocations
 + Level 1.1(0.4) Evocations


You had 14 spell levels left.
You didn't know any spells.

Dungeon Overview and Level Annotations

Branches:
Dungeon (15/15)            Temple (0/1) D:4             Orc (2/4) D:11
   Lair (8/8) D:8           Swamp (0/5) Lair:3       Spider (0/5) Lair:5
  Slime (0/6) Lair:8       Vaults (0/5) D:14         Depths (1/5) D:15

Altars:
Cheibriados
Dithmenos
Elyvilon
Fedhas
Okawaru
Xom
The Shining One
Beogh

Shops:
D:4 (   Orc:1 !

Portals:
Hell: Depths:1

Annotations:
D:12 exclusions: oklob plant and oklob sapling
Lair:3 uri's ghost, powerful DrTm


Innate Abilities, Weirdness & Mutations

You reflexively headbutt those who attack you in melee.
You have a pair of horns on your head.


Message History

The raven pecks you but does no damage. The raven claws you but does no damage.
You block the raven's attack. The raven claws you but does no damage.
You slash the raven! You burn the raven. You headbutt the raven!
The raven is almost dead.
You block the raven's attack. The raven closely misses you.
You hit the raven. You burn the raven.
You kill the raven!
Okawaru accepts your kill.
The stone giant throws a large rock.
You block the large rock.
The large rock dissolves into shadows!
A lich comes into view.
The lich shouts!
The lich points at you and mumbles some strange words.
You barely resist.
Use which ability? (? or * to list)
You can now deal lightning-fast blows.
You feel somewhat more hungry. The lich casts a spell at you.
The bolt of negative energy hits you!
You feel drained.
You die...

#. #.# #.#
#. .# #..
.# #.# #.#
#.# #.# ..
#.#
#....###.#
........@#
..L....#.#
..... #.#
.... #.#
... #.#
#....###g#
#........#
####....C#
#.###.#


You could see a stone giant, a lich and a boggart.

Vanquished Creatures
  A frost giant (D:14)
  An emperor scorpion (Depths:1)
  The ghost of namelastname112 the Black Belt, a powerful DrMo of Makhleb (Lair:8)
  3 vault guards
  An ettin (D:15)
  A yaktaur captain (D:15)
  Fannar (Lair:1)
  An ogre mage (Depths:1)
  3 hydras
  A ravenous feature mimic (Lair:8)
  Erica (Lair:1)
  A deep troll earth mage (D:12)
  A tengu warrior (Depths:1)
  10 death yaks (Lair:8)
  A deep troll shaman (Depths:1)
  Urug (D:10)
  A very ugly thing (D:15)
  Nergalle (Lair:1)
  3 centaur warriors
  5 catoblepae
  A deep troll (Depths:1)
  An unseen horror (D:12)
  3 wizards (D:14)
  6 hill giants
  2 griffons
  3 cyclopes (D:12)
  A manticore (D:13)
  12 elephants
  A black mamba (Lair:2)
  6 spiny frogs
  A queen ant (Lair:6)
  A yaktaur (D:14)
  A gargoyle (D:11)
  A fire drake (Lair:7)
  An efreet (D:14)
  5 komodo dragons
  2 jumping spiders (D:12)
  Grinder (D:3)
  A giant firefly (D:15)
  A polar bear (Lair:3)
  A boggart (Depths:1)
  3 two-headed ogres
  2 slime creatures
  Prince Ribbit (D:5)
  5 trolls
  2 ravens (Depths:1)
  2 basilisks (Lair:8)
  A boulder beetle (Lair:7)
  4 blink frogs (Lair:8)
  6 spectral orcs (Lair:1)
  3 redbacks (D:12)
  3 wyverns
  A spriggan (D:15)
  2 shadows
  A shark (Lair:2)
  A deep elf mage (D:11)
  2 grizzly bears
  A tarantella (D:12)
  An elephant slug (Lair:8)
  6 vampire mosquitoes
  A wraith (D:11)
  A deep elf fighter (D:15)
  12 ugly things
  20 humans (D:14)
  A steam dragon (D:8)
  A hungry ghost (D:12)
  28 yaks
  13 hippogriffs
  A necrophage (D:12)
  A mottled dragon (D:12)
  15 water moccasins
  A human skeleton (D:13)
  7 wolves
  11 soldier ants
  13 orc warriors
  12 porcupines
  2 giant goldfish (Lair:2)
  3 sky beasts
  10 ogres
  5 ice beasts
  3 phantoms
  13 centaurs
  9 crocodiles
  2 big kobolds (D:12)
  A giant slug zombie (D:14)
  9 giant slugs
  16 giant frogs
  4 insubstantial wisps (Lair:3)
  4 scorpions
  A troll zombie (D:7)
  15 killer bees
  A troll skeleton (D:11)
  10 goliath beetles
  2 electric eels
  3 jellies
  6 crimson imps
  2 big fish (Lair:2)
  15 hounds
  21 orc priests
  Crazy Yiuf (D:3)
  7 iguanas
  A kobold zombie (D:12)
  An orange rat (D:8)
  14 orc wizards
  33 worker ants
  A killer bee zombie (D:7)
  An ogre zombie (D:6)
  14 sheep
  A hound skeleton (D:9)
  25 adders
  7 gnolls
  66 green rats
  2 shadow imps
  2 inept feature mimics
  4 giant mites
  6 worms
  5 giant eyeballs
  7 giant geckos
  2 oozes
  104 orcs
  7 ball pythons
  6 giant cockroaches
  10 goblins
  13 hobgoblins
  21 jackals
  8 quokkas
  23 bats
  2 giant gecko skeletons
  5 giant newts
  21 kobolds
  An orc skeleton (D:10)
  An orc zombie (D:6)
  20 rats
  A rat skeleton (D:8)
  A ballistomycete (D:15)
  A bush (Lair:6)
  A butterfly (D:5)
  A fungus (D:3)
880 creatures vanquished.

Vanquished Creatures (others)
  A bat (D:5)
  A giant spore (D:15)
  A bush (D:12)
  3 butterflies (D:12)
  17 fungi
  7 plants
30 creatures vanquished.

Grand Total: 910 creatures vanquished

Notes
Turn   | Place    | Note
--------------------------------------------------------------
     0 | D:1      | ftsh, the Minotaur Fighter, began the quest for the Orb.
     0 | D:1      | Reached XP level 1. HP: 19/19 MP: 1/1
   157 | D:2      | Reached skill level 4 in Fighting
   287 | D:1      | Reached XP level 2. HP: 25/27 MP: 1/1
   641 | D:1      | Reached XP level 3. HP: 19/33 MP: 2/2
  1200 | D:2      | Reached XP level 4. HP: 39/41 MP: 2/2
  1250 | D:2      | Found a shadowy altar of Dithmenos.
  1250 | D:2      | Found a blossoming altar of Fedhas.
  1251 | D:2      | Found a glowing golden altar of the Shining One.
  1851 | D:3      | Found an iron altar of Okawaru.
  1856 | D:3      | Became a worshipper of Warmaster Okawaru
  2015 | D:3      | Noticed Grinder
  2033 | D:3      | Reached skill level 1 in Dodging
  2039 | D:3      | Killed Grinder
  2039 | D:3      | Acquired Okawaru's first power
  2039 | D:3      | Reached skill level 5 in Fighting
  2039 | D:3      | Reached skill level 6 in Armour
  2039 | D:3      | Reached XP level 5. HP: 21/48 MP: 2/2
  2039 | D:3      | Reached XP level 6. HP: 24/56 MP: 3/3
  2217 | D:3      | Found a white marble altar of Elyvilon.
  2750 | D:3      | Noticed Crazy Yiuf
  2765 | D:3      | Killed Crazy Yiuf
  3003 | D:4      | Found a staircase to the Ecumenical Temple.
  3114 | D:5      | Entered Level 5 of the Dungeon
  3389 | D:4      | Reached skill level 7 in Armour
  3417 | D:4      | Reached XP level 7. HP: 59/61 MP: 3/3
  3553 | D:4      | Found Weegoef's Weapon Boutique.
  3980 | D:5      | Found a shimmering altar of Xom.
  4299 | D:4      | Bought a +4,+2 long sword of protection for 242 gold pieces
  4419 | D:5      | Noticed Prince Ribbit
  4488 | D:5      | Killed Prince Ribbit
  4682 | D:5      | Reached skill level 5 in Shields
  4701 | D:5      | Noticed a soldier ant
  4714 | D:5      | Killed a soldier ant
  4714 | D:5      | Reached skill level 1 in Stealth
  4714 | D:5      | Reached XP level 8. HP: 66/71 MP: 1/3
  4719 | D:5      | Reached skill level 8 in Armour
  4753 | D:5      | Reached skill level 5 in Long Blades
  5711 | D:6      | Paralysed by a giant eyeball for 2 turns
  6039 | D:7      | Reached XP level 9. HP: 81/81 MP: 4/4
  6138 | D:7      | Reached skill level 9 in Armour
  7030 | D:8      | Paralysed by a giant eyeball for 3 turns
  7490 | D:8      | Noticed an elephant
  7490 | D:8      | Noticed an elephant
  7491 | D:8      | Found a staircase to the Lair.
  7493 | D:8      | Noticed an elephant
  7538 | D:7      | Killed an elephant
  7573 | D:7      | Killed an elephant
  7573 | D:7      | Reached skill level 10 in Armour
  7889 | D:8      | Killed an elephant
  7889 | D:8      | Reached XP level 10. HP: 84/91 MP: 2/4
  7993 | D:9      | Noticed a hill giant
  8170 | D:8      | Reached skill level 1 in Invocations
  8394 | D:8      | Noticed a catoblepas
  8563 | D:9      | Found a flagged portal.
  8812 | D:9      | Killed a hill giant
  8812 | D:9      | Reached skill level 11 in Armour
  9038 | D:9      | Paralysed by a giant eyeball for 4 turns
  9048 | D:9      | Paralysed by a giant eyeball for 2 turns
  9086 | D:9      | Reached skill level 10 in Fighting
  9317 | D:10     | Entered Level 10 of the Dungeon
  9339 | D:10     | Noticed Urug
  9354 | D:10     | Killed Urug
  9356 | D:10     | Acquired Okawaru's second power
  9819 | D:10     | Received a gift from Okawaru
  9848 | D:10     | Reached XP level 11. HP: 62/101 MP: 3/6
 10626 | D:11     | Found a staircase to the Orcish Mines.
 10645 | Orc:1    | Entered Level 1 of the Orcish Mines
 10735 | Orc:1    | Found a roughly hewn altar of Beogh.
 10972 | Orc:1    | Reached skill level 5 in Dodging
 10993 | Orc:1    | Reached skill level 10 in Shields
 11118 | Orc:1    | Found Qoamob's Distillery.
 11126 | Orc:1    | Bought a potion of curing for 28 gold pieces
 11126 | Orc:1    | Bought a potion of curing for 28 gold pieces
 11126 | Orc:1    | Bought a potion of curing for 28 gold pieces
 11126 | Orc:1    | Bought a potion of invisibility for 77 gold pieces
 11126 | Orc:1    | Bought a potion of curing for 28 gold pieces
 11126 | Orc:1    | Bought a potion of haste for 98 gold pieces
 11126 | Orc:1    | Bought a potion of curing for 28 gold pieces
 11260 | Orc:1    | Found a roughly hewn altar of Beogh.
 12949 | D:11     | Reached skill level 12 in Armour
 13537 | D:11     | Noticed a hill giant
 13548 | D:11     | Killed a hill giant
 14462 | D:13     | Reached skill level 10 in Long Blades
 14934 | D:13     | Noticed a hill giant
 14945 | D:13     | Killed a hill giant
 15060 | D:12     | Noticed a hill giant
 15071 | D:12     | Killed a hill giant
 15343 | D:12     | Noticed a deep troll earth mage
 15377 | D:12     | Killed a deep troll earth mage
 15377 | D:12     | Reached skill level 13 in Armour
 15377 | D:12     | Reached XP level 12. HP: 91/112 MP: 8/8
 16317 | D:12     | Killed an unseen horror
 17579 | D:14     | Noticed a fire dragon
 17598 | D:14     | HP: 4/113 [fire dragon/blast of flame (24)]
 18051 | D:8      | Killed a catoblepas
 18089 | Lair:1   | Entered Level 1 of the Lair of Beasts
 18089 | Lair:1   | Noticed an eight-headed hydra
 18110 | D:8      | Found a snail-covered altar of Cheibriados.
 18152 | D:8      | Received a gift from Okawaru
 19003 | Lair:1   | Noticed Nergalle
 19138 | Lair:1   | Killed Nergalle
 19425 | Lair:1   | Reached skill level 1 in Evocations
 19445 | Lair:1   | Noticed Erica
 19461 | Lair:1   | Killed Erica
 19507 | Lair:1   | Noticed Fannar
 20078 | Lair:1   | Killed Fannar
 20078 | Lair:1   | Reached skill level 14 in Armour
 20078 | Lair:1   | Reached XP level 13. HP: 100/122 MP: 7/9
 21084 | Lair:3   | Noticed uri's ghost (powerful DrTm)
 22094 | Lair:3   | Found a staircase to the Swamp.
 24002 | Lair:5   | Found a hole to the Spider Nest.
 24195 | Lair:5   | Identified a scroll of acquirement
 25172 | Lair:6   | Reached skill level 1 in Bows
 25956 | Lair:8   | Entered Level 8 of the Lair of Beasts
 25956 | Lair:8   | Noticed namelastname112's ghost (powerful DrMo)
 25985 | Lair:8   | Killed namelastname112's ghost
 26499 | Lair:7   | Reached XP level 14. HP: 89/132 MP: 12/12
 26786 | Lair:8   | Received a gift from Okawaru
 27184 | Lair:8   | Reached skill level 15 in Armour
 27747 | Lair:8   | Reached skill level 5 in Bows
 27979 | Lair:8   | Found a staircase to the Slime Pits.
 29084 | D:14     | HP: 3/133 [fire dragon/blast of flame (44)]
 29470 | D:15     | Entered Level 15 of the Dungeon
 29582 | D:14     | Received a gift from Okawaru
 29702 | D:14     | Found a gate to the Vaults.
 29702 | D:14     | Noticed a vault guard
 29718 | D:14     | Killed a vault guard
 29997 | D:15     | Paralysed by a giant eyeball for 3 turns
 30207 | D:15     | Noticed a frost giant
 30437 | D:14     | Killed a frost giant
 30437 | D:14     | Reached skill level 15 in Fighting
 30505 | D:15     | Reached XP level 15. HP: 122/137 MP: 15/15
 30513 | D:15     | Got a glittering lapis lazuli ring
 30517 | D:15     | Identified the ring of Strokex {SustAb rC+ Str+4} (You found it on level 15 of the Dungeon)
 30527 | D:15     | Found a staircase to the Depths.
 30581 | Depths:1 | Entered Level 1 of the Depths
 31062 | Depths:1 | Found a gateway to Hell.
 31090 | Depths:1 | Noticed a lich
 31091 | Depths:1 | Killed from afar by a lich

Action                   |  1- 3 |  4- 6 |  7- 9 | 10-12 | 13-15 || total
-------------------------+-------+-------+-------+-------+-------++-------
Melee: Long sword        |    95 |   126 |   432 |  1345 |    20 ||  2018
       Scimitar          |       |       |       |    40 |  1339 ||  1379
 Fire: Bow               |       |       |       |       |     3 ||     3
Invok: Heroism           |       |       |     2 |    11 |     9 ||    22
       Finesse           |       |       |       |     7 |     5 ||    12
Evoke: Wand              |       |       |     1 |    12 |     5 ||    18
  Use: Scroll            |     1 |     2 |     3 |    26 |    14 ||    46
       Potion            |       |     3 |       |    10 |    14 ||    27
 Stab: Invisible         |       |       |       |     3 |       ||     3
       Distracted        |       |       |       |     1 |       ||     1
